 Dungeon Crawl Stone Soup version 0.31-a0-1589-g8f5e8aebd6 (webtiles) character file.

Game seed: 13108081034810810524

172 BigPumpCobain the Poker (level 5, -1/47 HPs)
             Began as a Minotaur Fighter on Jan 6, 2024.
             Slain by Crazy Yiuf
             ... wielding a +4 quarterstaff of chaos
              (11 damage)
             ... on level 3 of the Dungeon.
             The game lasted 00:04:38 (2622 turns).

BigPumpCobain the Poker (Minotaur Fighter)          Turns: 2622, Time: 00:04:38

Health: -1/47      AC: 11    Str: 22    XL:     5   Next: 27%
Magic:  4/4        EV:  9    Int:  5    God:
Gold:   158        SH:  4    Dex: 10    Spells: 4/4 levels left

rFire   . . .        a - +0 trident
rCold   . . .        c - +0 buckler
rNeg    . . .        b - +0 scale mail
rPois   .            (helmet restricted)
rElec   .            e - +0 cloak
rCorr   .            j - +0 pair of gloves
SInv    .            o - +1 pair of boots
Will    .....        (no amulet) Stlth
                     (no ring)
HPRegen 0.27/turn    (no ring)
MPRegen 0.09/turn

%: no passive effects
@: no status effects
A: horns 2, retaliatory headbutt
a: no special abilities


You were on level 3 of the Dungeon.
You visited 1 branch of the dungeon, and saw 3 of its levels.
You also visited: Sewer.

You collected 158 gold pieces.

Inventory:

Hand Weapons
 a - a +0 trident (weapon)
Armour
 b - a +0 scale mail (worn)
 c - a +0 buckler (worn)
 e - a +0 cloak (worn)
 j - a +0 pair of gloves (worn)
 o - a +1 pair of boots (worn)
Wands
 r - a wand of mindburst (16)
Scrolls
 f - a scroll of enchant weapon
 i - 2 scrolls of fear
 k - 5 scrolls of teleportation
 q - a scroll of noise
 t - a scroll of blinking
Potions
 d - a potion of might
 g - 3 potions of haste {unknown}
 h - a potion of curing
 l - a potion of attraction {unknown}
 m - 5 potions of heal wounds {unknown}
 n - a potion of cancellation {unknown}
 p - a potion of ambrosia {unknown}


   Skills:
 + Level 4.5 Fighting
 * Level 4.6 Polearms
 + Level 4.5 Armour
 + Level 4.6 Shields


You had 4 spell levels left.
You didn't know any spells.
Your spell library contained the following spells:

 Spells                   Type           Power      Damage    Failure   Level
 Magic Dart               Conj           0%         1d3       86%         1
 Shock                    Conj/Air       0%         1d3       86%         1
 Searing Ray              Conj           0%         2d4       94%         2
 Swiftness                Air            0%         N/A       99%         3
 Airstrike                Air            0%         2d(0-16)  100%        4
 Fulminant Prism          Conj/Alch      0%         3d5       100%        4


Dungeon Overview and Level Annotations

Branches:
Dungeon (3/15)              Sewer (visited)

Altars:
Ashenzari
Wu Jian
Zin

Annotations:
D:3 Crazy Yiuf


Innate Abilities, Weirdness & Mutations

You have a pair of horns on your head.
You reflexively headbutt those who attack you in melee.


Message History

You hit Crazy Yiuf.
Crazy Yiuf is moderately wounded.
Crazy Yiuf closely misses you.
You closely miss Crazy Yiuf.
Crazy Yiuf is moderately wounded.
Crazy Yiuf barely misses you. You furiously retaliate!
You headbutt Crazy Yiuf. You hit Crazy Yiuf but do no damage.
Your headbutt misses Crazy Yiuf.
Crazy Yiuf is moderately wounded.
You block Crazy Yiuf's attack.
Crazy Yiuf hits you with a +4 quarterstaff of chaos.
Crazy Yiuf draws strength from your wounds!
You barely miss Crazy Yiuf.
Crazy Yiuf is lightly wounded.
Crazy Yiuf hits you but does no damage.
You hit Crazy Yiuf.
Crazy Yiuf is moderately wounded.
Crazy Yiuf hits you but does no damage.
You closely miss Crazy Yiuf.
Crazy Yiuf is moderately wounded.
Crazy Yiuf barely misses you.
You hit Crazy Yiuf. Your headbutt misses Crazy Yiuf.
Crazy Yiuf is severely wounded.
Crazy Yiuf screams, "Castle snockshim koolooloo!"
Crazy Yiuf hits you with a +4 quarterstaff of chaos.
Crazy Yiuf burns you.
You closely miss Crazy Yiuf. Your headbutt misses Crazy Yiuf.
Crazy Yiuf is severely wounded.
Crazy Yiuf hits you with a +4 quarterstaff of chaos!
Crazy Yiuf freezes you.
You closely miss Crazy Yiuf.
Crazy Yiuf is severely wounded.
Crazy Yiuf hits you with a +4 quarterstaff of chaos.
* * * LOW HITPOINT WARNING * * *
Crazy Yiuf burns you.
* * * LOW HITPOINT WARNING * * *
You barely miss Crazy Yiuf. Your headbutt misses Crazy Yiuf.
Crazy Yiuf is severely wounded.
Crazy Yiuf waves his quarterstaff at you.
Crazy Yiuf hits you with a +4 quarterstaff of chaos!
You die...

####........#
##.........#
#....########
##.....#####
#.#### #.......#
#.# ###.....#
##.# #.....#
#..##♣♣♣♣♣
#....##
#.#....♣.♣♣♣ ###
#...##
#.......♣..♣#...#
#####
#......♣♣♣♣@g...#
##....♣♣ ♣♣#..)#
####♣♣ ###


You could see Crazy Yiuf.

Vanquished Creatures
  A bombardier beetle (D:3)
  A hell rat (Sewer)
  3 river rats (Sewer)
  A dart slug (D:3)
  A ribbon worm (D:2)
  9 orcs
  5 ball pythons
  2 bats (D:1)
  9 endoplasms
  6 giant cockroaches (D:3)
  5 goblins
  4 hobgoblins
  9 quokkas
  3 frilled lizards
  3 kobolds
  5 rats
67 creatures vanquished.

Notes
Turn   | Place    | Note
-------+----------+-------------------------------------------
     0 | D:1      | BigPumpCobain the Minotaur Fighter began the quest for the
                  | Orb.
     0 | D:1      | Reached XP level 1. HP: 19/19 MP: 0/0
   175 | D:1      | Reached XP level 2. HP: 27/27 MP: 1/1
  1082 | D:2      | Reached XP level 3. HP: 33/33 MP: 2/2
  1895 | D:3      | Found a glowing drain.
  1903 | D:3      | Reached XP level 4. HP: 40/40 MP: 3/3
  1906 | Sewer    | Entered a sewer
  2279 | D:3      | Reached XP level 5. HP: 36/47 MP: 4/4
  2460 | D:3      | Found a runed translucent door.
  2461 | D:3      | Noticed Crazy Yiuf
  2532 | D:3      | Found a broken altar of Ashenzari.
  2532 | D:3      | Found a glowing silver altar of Zin.
  2539 | D:3      | Found a faded altar of an unknown god.
  2541 | D:3      | Found a faded altar of an unknown god.
  2542 | D:3      | Found an ornate altar of the Wu Jian Council.
  2622 | D:3      | Slain by Crazy Yiuf

Illustrated notes

Levels and vault maps discovered:
D:1:      eino_arrival_tree_alley, layout_basic
D:2:      layout_basic
D:3:      layout_rooms, chequers_temple_overflow_minitemple,
          gup_sewer_entry_pipe, uniq_crazy_yiuf_cottage

Skill      XL: |  1  2  3  4 |
---------------+-------------+-----
Polearms       | 3 4 |  4.6
Shields        | 4 |  4.6
Armour         | 4 |  4.5
Fighting       | 4 |  4.5

Action                     |  1- 3 |  4- 6 || total
---------------------------+-------+-------++-------
  Melee: Trident           |   115 |    72 ||   187
         Headbutt          |    18 |    11 ||    29
    Use: Scroll            |     5 |     2 ||     7
         Potion            |       |     1 ||     1
 Armour: Scale mail        |    41 |    32 ||    73
  Dodge: Dodged            |    39 |    29 ||    68
  Block: Buckler           |    14 |    12 ||    26

Table legend: (Time is in decaauts)
 A = Elapsed time spent in this place.
 B = Non-inter-level travel time spent in this place.
 C = Inter-level travel time spent in this place.
 D = Time resting spent in this place.
 E = Time spent auto-exploring this place.
 F = Levels seen in this place.
 G = Mean time per level.
                   A        B        C        D        E       F      G
               +--------+--------+--------+--------+--------+-----+--------+
         Total |   2669 |   2557 |    112 |      0 |   2109 |   4 |  667.2 |
       Dungeon |   2427 |   2315 |    112 |      0 |   1926 |   3 |  809.0 |
         Sewer |    242 |    242 |      0 |      0 |    183 |   1 |  242.0 |
               +--------+--------+--------+--------+--------+-----+--------+

Top non-repeatable levels by time:
     D:2: 1013 daAuts
     D:3: 720 daAuts
     D:1: 694 daAuts
   Sewer: 242 daAuts
